 Dungeon Crawl Stone Soup version 0.27-a0-811-ga052575696 (webtiles) character file.

Game seed: 15539650456405504403

432 Froggeryz the Magician (level 7, -1/52 HPs)
             Began as a Djinni Summoner on Mar 29, 2021.
             Slain by a phantom (4 damage)
             ... on level 5 of the Dungeon.
             The game lasted 00:15:25 (6975 turns).

Froggeryz the Magician (Djinni Summoner)            Turns: 6975, Time: 00:15:26

Health: -1/52      AC:  3    Str:  8    XL:     7   Next: 0%
Gold:   222        EV: 12    Int: 18    God:
                   SH:  0    Dex: 13

rFire    + + .     SeeInvis .   o - +2 dagger (protect)
rCold    + . .     Faith    .   (no shield)
rNeg     . . .     Spirit   .   a - +0 robe
rPois    ∞         Reflect  .   (no helmet)
rElec    +         Harm     .   n - +0 cloak
rCorr    +         Rampage  .   (no gloves)
Will     .....                  (boots unavailable)
Stlth    ++........             (no amulet)
HPRegen  0.17/turn              d - ring of ice
MPRegen  0.00/turn              (no ring)

@: about to teleport, resistant, flying
A: fire resistance 2, cold vulnerability 1, float, innate caster, hp casting,
extra vitality 1
a: no special abilities


You were on level 5 of the Dungeon.
You visited 1 branch of the dungeon, and saw 5 of its levels.

You collected 222 gold pieces.

Inventory:

Hand Weapons
 o - a +2 dagger of protection (weapon)
Armour
 a - a +0 robe (worn)
 n - a +0 cloak (worn)
Jewellery
 d - a ring of ice (left hand)
 p - a ring of fire
Wands
 f - a wand of digging (6)
 q - a wand of iceblast (6)
 r - a wand of random effects (19)
 t - a wand of flame (12)
Scrolls
 b - a scroll of amnesia {unknown}
 c - 2 scrolls of teleportation
 e - a scroll of immolation {unknown}
 i - a scroll of fear {unknown}
 j - a scroll of identify
 l - a scroll of summoning {unknown}
 s - a scroll of noise {unknown}
Potions
 k - a potion of ambrosia {unknown}


   Skills:
 - Level 4.1 Fighting
 + Level 1.7 Short Blades
 - Level 2.1 Dodging
 - Level 1.5 Stealth
 + Level 5.5 Spellcasting


You couldn't memorise any spells.
You knew the following spells:

 Your Spells              Type           Power      Damage    Failure   Level
a - Summon Small Mammal   Summ           96%        N/A       1%          1
b - Call Imp              Summ           24%        N/A       1%          2
c - Call Canine Familiar  Summ           24%        N/A       4%          3
d - Summon Guardian Gole  Hex/Summ       24%        N/A       4%          3
e - Summon Lightning Spi  Summ/Air       24%        N/A       13%         4
f - Summon Ice Beast      Ice/Summ       37%        N/A       13%         4
g - Corona                Hex            26%        N/A       1%          1
h - Ensorcelled Hibernat  Hex/Ice        74%        N/A       1%          2
i - Conjure Flame         Conj/Fire      24%        6-21      4%          3
Your spell library was empty.

Dungeon Overview and Level Annotations

Branches:
Dungeon (5/15)
 Temple: D:4-7

Altars:
Makhleb
Ru
Wu Jian
Xom
The Shining One


Innate Abilities, Weirdness & Mutations

You are immune to poison.
Your flesh is very heat resistant. (rF++)
You are vulnerable to cold. (rC-)
You float through the air rather than walking.
You learn spells naturally, not from books.
Your magical power is your life essence.
You have superior vitality. (+4 HP)


Message History

* * * LOW HITPOINT WARNING * * *
The ufetubus barely misses you.
Your ice beast hits the phantom but does no damage.
As you read the scroll labelled NOCROTS KUEMES, it crumbles to dust.
It is a scroll of identify.
c - 3 scrolls of teleportation The phantom completely misses your guardian golem.
The orc misses you. The ufetubus completely misses you.
The ufetubus misses you.
Your ice beast closely misses the phantom.
Your magical contamination has completely faded away.
As you read the scroll of teleportation, it crumbles to dust.
You feel strangely unstable. The ufetubus hits you.
* * * LOW HITPOINT WARNING * * *
The ufetubus barely misses you. The phantom hits your guardian golem!
The phantom blinks!
Your guardian golem blinks!
The orc hits you with a +0 short sword.
* * * LOW HITPOINT WARNING * * *
Your ice beast hits the ufetubus.
Your ice beast freezes the ufetubus!
The ufetubus resists.
The ufetubus dies!
You have reached level 7!
The power to cast Conjure Flame wells up from within.
Spell assigned to 'i'.
It was a potion of resistance.
You feel protected.
The gnoll hits your guardian golem but does no damage.
The orc hits you but does no damage.
The phantom hits your guardian golem but does no damage.
Your ice beast hits the phantom.
Your ice beast freezes the phantom.
The phantom resists.
Okay, then.
It was a potion of flight.
You feel more buoyant. The orc hits you with a +0 short sword.
* * * LOW HITPOINT WARNING * * *
The gnoll hits your guardian golem with a +0 club.
The phantom hits you.
You die...

#.# ##.......## #.#
##.........## #######
#.###...........# ......#
#.'..............
#####.###.######Y.§..####
....#.....#....Y#...#+
...#####..##..W8##.##
....# #..##..gW##.# ###.#
##.####5o@#.# .# #.#
#####+# # #.. .... ####


You could see 2 phantoms, a gnoll (ally target), an orc, an ufetubus, a friendly
guardian golem (summoned) and a friendly ice beast (summoned, sheltered).

Vanquished Creatures
  A howler monkey (D:4)
  A centaur skeleton (D:4)
  An adder (D:3)
  An adder skeleton (D:4)
  2 worms (D:3)
  A ball python (D:4)
  3 endoplasms
  A giant cockroach (D:4)
  A hobgoblin (D:3)
  A quokka (D:3)
  A bat (D:3)
  A frilled lizard (D:2)
  A rat (D:2)
16 creatures vanquished.

Vanquished Creatures (collateral kills)
  A sky beast (D:5)
  3 scorpions
  2 hounds
  A jelly (D:5)
  A centaur skeleton (D:5)
  Crazy Yiuf (D:2)
  An iguana (D:3)
  Terence (D:3)
  An orc wizard (D:3)
  4 adders
  4 gnolls (D:4)
  2 river rats (D:3)
  An ufetubus (D:5)
  7 worms
  5 orcs
  5 bats
  4 endoplasms
  2 giant cockroaches (D:1)
  9 goblins
  3 hobgoblins
  6 kobolds
  2 quokkas
  4 frilled lizards
  4 rats
74 creatures vanquished.

Vanquished Creatures (others)
  A gnoll shaman (D:4)
1 creature vanquished.

Grand Total: 91 creatures vanquished

Notes
Turn   | Place    | Note
-------+----------+-------------------------------------------
     0 | D:1      | Froggeryz the Djinni Summoner began the quest for the Orb.
     0 | D:1      | Reached XP level 1. HP: 15/15 MP: 0/0
  1183 | D:1      | Reached skill level 1 in Fighting
  1183 | D:1      | Reached XP level 2. HP: 22/22 MP: 0/0
  1937 | D:2      | Noticed a scorpion
  1949 | D:2      | Killed a scorpion
  1950 | D:2      | Reached skill level 4 in Spellcasting
  1950 | D:2      | Reached XP level 3. HP: 16/28 MP: 0/0
  1950 | D:2      | Learned a level 1 spell: Corona
  2618 | D:2      | Found a burning altar of Makhleb.
  2670 | D:2      | Found a shimmering altar of Xom.
  2680 | D:2      | Found a runed translucent door.
  2681 | D:2      | Noticed Crazy Yiuf
  2705 | D:2      | Killed Crazy Yiuf
  2915 | D:2      | Reached XP level 4. HP: 29/33 MP: 0/0
  3242 | D:3      | Noticed Terence
  3460 | D:3      | Found a sacrificial altar of Ru.
  3462 | D:3      | Found a glowing golden altar of the Shining One.
  3597 | D:3      | HP: 1/34 [adder (5)]
  4143 | D:3      | Found an ornate altar of the Wu Jian Council.
  4907 | D:3      | Reached XP level 5. HP: 38/40 MP: 0/0
  4907 | D:3      | Learned a level 2 spell: Ensorcelled Hibernation
  5418 | D:3      | Killed Terence
  5735 | D:4      | Reached XP level 6. HP: 31/47 MP: 0/0
  5971 | D:4      | Reached skill level 5 in Spellcasting
  6614 | D:5      | Entered Level 5 of the Dungeon
  6690 | D:5      | Noticed a sky beast
  6728 | D:5      | Killed a sky beast
  6729 | D:5      | Reached skill level 1 in Short Blades
  6974 | D:5      | Reached XP level 7. HP: 6/52 MP: 0/0
  6974 | D:5      | Learned a level 3 spell: Conjure Flame
  6975 | D:5      | Slain by a phantom

Illustrated notes

Levels and vault maps discovered:
D:1:      minmay_arrival_checkered_box, layout_basic
D:2:      layout_loops_ring, marbit_many_paths, lemuel_crystal_altar,
          uniq_crazy_yiuf_cottage
D:3:      layout_basic, lemuel_round_altar, minitemple,
          lightli_sewer_entry_pipes, uniq_terence
D:4:      layout_basic
D:5:      minmay_angry_zag, layout_basic, minmay_temple_entry_enclosed_plants,
          st_stairs_2, minmay_pentangle

Skill      XL: |  1  2  3  4  5  6 |
---------------+-------------------+-----
Fighting       | 1 2 3 4 |  4.1
Spellcasting   | 4 5 |  5.5
Short Blades   | 1 |  1.7
Dodging        | |  2.1
Stealth        | |  1.5

Action                   |  1- 3 |  4- 6 |  7- 9 || total
-------------------------+-------+-------+-------++-------
Melee: Unarmed           |    15 |       |       ||    15
       Dagger            |    13 |   116 |       ||   129
 Cast: Summon Small Mamm |    29 |     1 |       ||    30
       Call Imp          |    31 |    51 |       ||    82
       Call Canine Famil |       |    22 |       ||    22
       Summon Guardian G |       |    10 |       ||    10
       Summon Ice Beast  |       |     5 |       ||     5
       Corona            |       |     1 |       ||     1
  Use: Potion            |       |     4 |     2 ||     6
       Scroll            |       |     2 |       ||     2
Armor: Robe              |     7 |    43 |     1 ||    51
Dodge: Dodged            |    24 |   101 |       ||   125

Table legend: (Time is in decaauts)
 A = Elapsed time spent in this place.
 B = Non-inter-level travel time spent in this place.
 C = Inter-level travel time spent in this place.
 D = Time resting spent in this place.
 E = Time spent auto-exploring this place.
 F = Levels seen in this place.
 G = Mean time per level.
                   A        B        C        D        E       F      G
               +--------+--------+--------+--------+--------+-----+--------+
         Total |   6961 |   6761 |    200 |   1923 |   3512 |   5 | 1392.2 |
       Dungeon |   6961 |   6761 |    200 |   1923 |   3512 |   5 | 1392.2 |
               +--------+--------+--------+--------+--------+-----+--------+

Top non-repeatable levels by time:
     D:2: 2411 daAuts
     D:3: 1627 daAuts
     D:1: 1476 daAuts
     D:4: 1085 daAuts
     D:5: 360 daAuts
